MLB
KANSAS CITY ROYALS @ LOS ANGELES ANGELS
09/16/2026
 
TOP OF THE 1ST
Kansas City Royals batting - Pitching for Los Angeles Angels : RHP Derek Henderson
Pitching: RHP Derek Henderson
Batting: LHB Jimmy Reeves 0-0: Ball
1-0: Ball
2-0: Foul Ball, location: 2F
2-1: Ball
3-1: Called Strike
3-2: Strikes out swinging
Batting: SHB Ismaldo Rodriguez 0-0: Foul Ball, location: 2F
0-1: Foul Ball, location: 5SF
0-2: SINGLE (Line Drive, 6M, EV 95 MPH)
Batting: SHB Greg Lópes 0-0: Called Strike
0-1: SINGLE (Line Drive, 7LS, EV 81 MPH)
Ismaldo Rodriguez to second
Batting: RHB Ramão La Arena 0-0: Ball
1-0: Ball
2-0: Called Strike
2-1: Swinging Strike
2-2: Strikes out looking
Batting: LHB Dave Moon 0-0: Called Strike
0-1: Fielders Choice at 2nd, U4 (Groundball, 4M, EV 109 MPH)
Top of the 1st over - 0 runs, 2 hits, 0 errors, 2 left on base; Kansas City 0 - Los Angeles 0
BOTTOM OF THE 1ST
Los Angeles Angels batting - Pitching for Kansas City Royals : RHP Dominic Camp
Pitching: RHP Dominic Camp
Batting: SHB Ozhaino Albies 0-0: Ball
1-0: Called Strike
1-1: Foul Ball, location: 2F
1-2: Ball
2-2: Strikes out swinging
Batting: SHB Augusto Ramírez 0-0: Ball
1-0: Foul Ball, location: 5DF
1-1: Foul Ball, location: 25F
1-2: Ball
2-2: Ball
3-2: Base on Balls
Batting: RHB Mike Trout 0-0: Ball
1-0: Swinging Strike
1-1: Ball
2-1: Ball
3-1: Base on Balls
Augusto Ramírez to second
Batting: LHB Myron Gómes 0-0: Fly out, F8 (Flyball, 89D, EV 97 MPH)
Batting: RHB Ken Smith 0-0: Ball
1-0: Foul Ball, location: 5FF
1-1: Ball
2-1: Swinging Strike
2-2: Ball
3-2: Base on Balls
Augusto Ramírez to third
Mike Trout to second
Batting: LHB Kevin Brown 0-0: Called Strike
0-1: Ground out 5-3 (Groundball, 56S, EV 62 MPH)
Bottom of the 1st over - 0 runs, 0 hits, 0 errors, 3 left on base; Kansas City 0 - Los Angeles 0
TOP OF THE 2ND
Kansas City Royals batting - Pitching for Los Angeles Angels : RHP Derek Henderson
Batting: LHB Cliff Jones 0-0: DOUBLE (Line Drive, 9LD, EV 92 MPH)
Batting: RHB Walt Burgess 0-0: Ball
1-0: Ball
2-0: Called Strike
2-1: Ground out 5-3 (Groundball, 5S, EV 88 MPH)
Cliff Jones to third
Batting: LHB Zak Phillips 0-0: Ball
1-0: Ball
2-0: Ball
3-0: Called Strike
3-1: Called Strike
3-2: Strikes out swinging
Batting: LHB Wilfi Payan 0-0: Called Strike
0-1: Ball
1-1: Ball
2-1: Called Strike
2-2: Foul Ball, location: 9LSF
2-2: Ground out 4-3 (Groundball, 4MS, EV 58 MPH)
Top of the 2nd over - 0 runs, 1 hit, 0 errors, 1 left on base; Kansas City 0 - Los Angeles 0
BOTTOM OF THE 2ND
Los Angeles Angels batting - Pitching for Kansas City Royals : RHP Dominic Camp
Batting: RHB Raúl Gómez 0-0: Called Strike
0-1: Foul Ball, location: 9LMF
0-2: Ball
1-2: Ball
2-2: Ball
3-2: Ground out 6-3 (Groundball, 6MS, EV 76 MPH)
Batting: LHB Andy Brown 0-0: Called Strike
0-1: Swinging Strike
0-2: Ball
1-2: Foul Ball, location: 7LSF
1-2: Foul Ball, location: 3DF
1-2: Ball
2-2: Ball
3-2: Base on Balls
Batting: LHB Isranel Wilson 0-0: Swinging Strike
0-1: Foul Ball, location: 2RF
0-2: Ball
1-2: Ball
2-2: Foul Ball, location: 3F
2-2: Fly out, F7 (Flyball, 7, EV 80 MPH)
Batting: SHB Ozhaino Albies 0-0: Called Strike
0-1: Called Strike
0-2: Foul Ball, location: 7LSF
0-2: Fly out, F8 (Flyball, 89D, EV 97 MPH)
Bottom of the 2nd over - 0 runs, 0 hits, 0 errors, 1 left on base; Kansas City 0 - Los Angeles 0
TOP OF THE 3RD
Kansas City Royals batting - Pitching for Los Angeles Angels : RHP Derek Henderson
Batting: LHB Jimmy Reeves 0-0: Ball
1-0: Foul Ball, location: 9LDF
1-1: Called Strike
1-2: SINGLE (Groundball, 34D, EV 82 MPH)
Batting: SHB Ismaldo Rodriguez 0-0: Swinging Strike
0-1: Bunted foul
0-2: Ball
1-2: Ball
2-2: Foul Ball, location: 2F
2-2: Fly out, F8 (Flyball, 8LD, EV 100 MPH)
Runner from 1st tags up, SAFE at 2nd
Batting: SHB Greg Lópes 0-0: Ball
1-0: Ball
2-0: Called Strike
2-1: Ball
3-1: Swinging Strike
3-2: Foul Ball, location: 3F
3-2: Foul Ball, location: 25FF
3-2: Fly out, F9 (Flyball, 9LD, EV 98 MPH)
Runner from 2nd tags up, SAFE at 3rd, no throw by RF
Batting: RHB Ramão La Arena 0-0: Ball
1-0: Called Strike
1-1: Fly out, F3 (Popup, 34, EV 54 MPH)
Top of the 3rd over - 0 runs, 1 hit, 0 errors, 1 left on base; Kansas City 0 - Los Angeles 0
BOTTOM OF THE 3RD
Los Angeles Angels batting - Pitching for Kansas City Royals : RHP Dominic Camp
Batting: SHB Augusto Ramírez 0-0: Ball
1-0: Foul Ball, location: 2RF
1-1: Fly out, F9 (Flyball, 9LM, EV 104 MPH)
Batting: RHB Mike Trout 0-0: Ball
1-0: Swinging Strike
1-1: Ball
2-1: Called Strike
2-2: Foul Ball, location: 5F
2-2: Foul Ball, location: 5DF
2-2: Fly out, F5 (Popup, 25, EV 80 MPH)
Batting: LHB Myron Gómes 0-0: Ball
1-0: SOLO HOME RUN (Flyball, 89XD, EV 97 MPH), Distance : 401 ft
Batting: RHB Ken Smith 0-0: Called Strike
0-1: Called Strike
0-2: SOLO HOME RUN (Flyball, 9D, EV 115 MPH), Distance : 370 ft
Batting: LHB Kevin Brown 0-0: Ball
1-0: Ground out 6-3 (Groundball, 6, EV 93 MPH)
Bottom of the 3rd over - 2 runs, 2 hits, 0 errors, 0 left on base; Kansas City 0 - Los Angeles 2
TOP OF THE 4TH
Kansas City Royals batting - Pitching for Los Angeles Angels : RHP Derek Henderson
Batting: LHB Dave Moon 0-0: Ball
1-0: Ball
2-0: Fly out, F9 (Flyball, 89M, EV 75 MPH)
Batting: LHB Cliff Jones 0-0: Ball
1-0: Swinging Strike
1-1: Ball
2-1: Ball
3-1: Foul Ball, location: 5F
3-2: Strikes out looking
Batting: RHB Walt Burgess 0-0: Called Strike
0-1: Ball
1-1: Foul Ball, location: 9LDF
1-2: Strikes out swinging
Top of the 4th over - 0 runs, 0 hits, 0 errors, 0 left on base; Kansas City 0 - Los Angeles 2
BOTTOM OF THE 4TH
Los Angeles Angels batting - Pitching for Kansas City Royals : RHP Dominic Camp
Batting: RHB Raúl Gómez 0-0: Ball
1-0: Ball
2-0: Ball
3-0: Called Strike
3-1: Swinging Strike
3-2: Strikes out swinging
Batting: LHB Andy Brown 0-0: Ball
1-0: Ball
2-0: Ball
3-0: Called Strike
3-1: Fly out, F7 (Line Drive, 7D, EV 83 MPH)
Batting: LHB Isranel Wilson 0-0: Foul Ball, location: 3FF
0-1: Ball
1-1: Ball
2-1: Ball
3-1: Called Strike
3-2: Strikes out swinging
Bottom of the 4th over - 0 runs, 0 hits, 0 errors, 0 left on base; Kansas City 0 - Los Angeles 2
TOP OF THE 5TH
Kansas City Royals batting - Pitching for Los Angeles Angels : RHP Derek Henderson
Batting: LHB Zak Phillips 0-0: Ball
1-0: Called Strike
1-1: SINGLE (Line Drive, 9S, EV 89 MPH)
Batting: LHB Wilfi Payan 0-0: Called Strike
0-1: Ball
1-1: Ball
2-1: Ball
3-1: Swinging Strike
3-2: Foul Ball, location: 5F
3-2: Grounds into double play, 1-6-3 (Groundball, P, EV 77 MPH)
Batting: LHB Jimmy Reeves 0-0: Called Strike
0-1: Ground out 5-3 (Groundball, 5S, EV 54 MPH)
Top of the 5th over - 0 runs, 1 hit, 0 errors, 0 left on base; Kansas City 0 - Los Angeles 2
BOTTOM OF THE 5TH
Los Angeles Angels batting - Pitching for Kansas City Royals : RHP Dominic Camp
Batting: SHB Ozhaino Albies 0-0: Called Strike
0-1: Ball
1-1: Swinging Strike
1-2: Strikes out swinging
Batting: SHB Augusto Ramírez 0-0: Ball
1-0: TRIPLE (Flyball, 89XD, EV 95 MPH)
Batting: RHB Mike Trout 0-0: Called Strike
0-1: Ball
1-1: Ball
2-1: Foul Ball, location: 23F
2-2: 2-RUN HOME RUN (Flyball, 7LD, EV 104 MPH), Distance : 342 ft
Batting: LHB Myron Gómes 0-0: Called Strike
0-1: Ball
1-1: Foul Ball, location: 7LMF
1-2: Strikes out swinging
Batting: RHB Ken Smith 0-0: Called Strike
0-1: Ball
1-1: SINGLE (Line Drive, 8LM, EV 104 MPH)
Batting: LHB Kevin Brown 0-0: Called Strike
0-1: Ball
1-1: Ball
2-1: Ball
3-1: Base on Balls
Ken Smith to second
Pitching: RHP Juan Garza
Batting: RHB Raúl Gómez 0-0: Called Strike
0-1: Ball
1-1: Ground out 5-3 (Groundball, 56S, EV 82 MPH)
Bottom of the 5th over - 2 runs, 3 hits, 0 errors, 2 left on base; Kansas City 0 - Los Angeles 4
TOP OF THE 6TH
Kansas City Royals batting - Pitching for Los Angeles Angels : RHP Derek Henderson
Batting: SHB Ismaldo Rodriguez 0-0: Called Strike
0-1: Ball
1-1: Ball
2-1: Called Strike
2-2: Strikes out swinging
Batting: SHB Greg Lópes 0-0: Ball
1-0: Swinging Strike
1-1: Ball
2-1: Foul Ball, location: 7LDF
2-2: Strikes out swinging
Batting: RHB Ramão La Arena 0-0: Swinging Strike
0-1: Swinging Strike
0-2: Ground out 6-3 (Groundball, 6S, EV 81 MPH)
Top of the 6th over - 0 runs, 0 hits, 0 errors, 0 left on base; Kansas City 0 - Los Angeles 4
BOTTOM OF THE 6TH
Los Angeles Angels batting - Pitching for Kansas City Royals : RHP Juan Garza
Batting: LHB Andy Brown 0-0: Swinging Strike
0-1: Called Strike
0-2: Foul Ball, location: 7LMF
0-2: SINGLE (Line Drive, 7S, EV 83 MPH)
Batting: LHB Isranel Wilson 0-0: Called Strike
0-1: Ball
1-1: Called Strike
1-2: Ball
2-2: Ball
3-2: Strikes out looking
Batting: SHB Ozhaino Albies 0-0: Called Strike
0-1: Grounds into double play, 5-4-3 (Groundball, 56S, EV 101 MPH)
Bottom of the 6th over - 0 runs, 1 hit, 0 errors, 0 left on base; Kansas City 0 - Los Angeles 4
TOP OF THE 7TH
Kansas City Royals batting - Pitching for Los Angeles Angels : RHP Derek Henderson
Pitching: RHP Mike Fry
Batting: LHB Dave Moon 0-0: Called Strike
0-1: Ball
1-1: Foul Ball, location: 3F
1-2: Ground out 3-1 (Groundball, 34S, EV 88 MPH)
Batting: LHB Cliff Jones 0-0: Called Strike
0-1: Swinging Strike
0-2: Ball
1-2: Strikes out looking
Batting: RHB Walt Burgess 0-0: Ball
1-0: Ball
2-0: Foul Ball, location: 5F
2-1: Foul Ball, location: 2F
2-2: Foul Ball, location: 2F
2-2: Ball
3-2: Strikes out swinging
Top of the 7th over - 0 runs, 0 hits, 0 errors, 0 left on base; Kansas City 0 - Los Angeles 4
BOTTOM OF THE 7TH
Los Angeles Angels batting - Pitching for Kansas City Royals : RHP Juan Garza
Pitching: RHP Mike Long
Batting: SHB Augusto Ramírez 0-0: Foul Ball, location: 5F
0-1: Called Strike
0-2: Ground out U3 (Groundball, 34, EV 110 MPH)
Batting: RHB Mike Trout 0-0: Called Strike
0-1: Foul Ball, location: 2F
0-2: Foul Ball, location: 5FF
0-2: Ball
1-2: Foul Ball, location: 2F
1-2: Ball
2-2: Ball
3-2: Ground out 6-3 (Groundball, 6, EV 87 MPH)
Batting: LHB Myron Gómes 0-0: Called Strike
0-1: Foul Ball, location: 7LDF
0-2: Foul Ball, location: 2F
0-2: SINGLE (Line Drive, 8RM, EV 93 MPH)
Batting: RHB Ken Smith 0-0: Ball
1-0: Called Strike
1-1: Ball
2-1: Foul Ball, location: 2F
2-2: Ball
3-2: Fly out, F5 (Popup, 25F, EV 53 MPH)
Bottom of the 7th over - 0 runs, 1 hit, 0 errors, 1 left on base; Kansas City 0 - Los Angeles 4
TOP OF THE 8TH
Kansas City Royals batting - Pitching for Los Angeles Angels : RHP Mike Fry
Now in LF: Augusto Ramírez
Now in CF: Luis Roa
Batting: LHB Zak Phillips 0-0: Ball
1-0: Foul Ball, location: 2F
1-1: Fly out, F7 (Flyball, 7LMF, EV 78 MPH)
Batting: LHB Wilfi Payan 0-0: Called Strike
0-1: Foul Ball, location: 5FF
0-2: Ball
1-2: Ball
2-2: Ball
3-2: Base on Balls
Batting: LHB Jimmy Reeves 0-0: Ball
1-0: Fly out, F9 (Flyball, 9LM, EV 78 MPH)
Batting: SHB Ismaldo Rodriguez 0-0: Ball
1-0: Ball
2-0: Ball
3-0: Base on Balls
Wilfi Payan to second
Pitching: RHP Tommy Watson
Batting: SHB Greg Lópes 0-0: Ball
1-0: Foul Ball, location: 2F
1-1: Ball
2-1: Ball
3-1: Foul Ball, location: 7LDF
3-2: Strikes out swinging
Top of the 8th over - 0 runs, 0 hits, 0 errors, 2 left on base; Kansas City 0 - Los Angeles 4
BOTTOM OF THE 8TH
Los Angeles Angels batting - Pitching for Kansas City Royals : RHP Mike Long
Pitching: RHP Edward Escoboza
Batting: LHB Kevin Brown 0-0: Ball
1-0: Foul Ball, location: 5F
1-1: Fly out, F5 (Line Drive, 56, EV 99 MPH)
Batting: RHB Raúl Gómez 0-0: Called Strike
0-1: Swinging Strike
0-2: Ball
1-2: Fly out, F8 (Flyball, 8RD, EV 109 MPH)
Batting: LHB Andy Brown 0-0: Called Strike
0-1: Ball
1-1: Swinging Strike
1-2: Ball
2-2: Ball
3-2: Base on Balls
Batting: LHB Isranel Wilson 0-0: Ball
1-0: Called Strike
1-1: Foul Ball, location: 3FF
1-2: Foul Ball, location: 2F
1-2: Strikes out swinging
Bottom of the 8th over - 0 runs, 0 hits, 0 errors, 1 left on base; Kansas City 0 - Los Angeles 4
TOP OF THE 9TH
Kansas City Royals batting - Pitching for Los Angeles Angels : RHP Tommy Watson
Pitching: RHP Mrinal Shivaprakash
Now at C: Jorge Trevino
Now at 3B: Pedro A. Gonzalez
Now in RF: Starling Heredia
Batting: RHB Ramão La Arena 0-0: Called Strike
0-1: Swinging Strike
0-2: Ball
1-2: Ball
2-2: Ball
3-2: Strikes out swinging
Batting: LHB Dave Moon 0-0: Foul Ball, location: 3FF
0-1: Called Strike
0-2: Strikes out swinging
Batting: LHB Cliff Jones 0-0: Ball
1-0: Swinging Strike
1-1: Foul Ball, location: 5FF
1-2: Fly out, F7 (Flyball, 7, EV 81 MPH)
Top of the 9th over - 0 runs, 0 hits, 0 errors, 0 left on base; Kansas City 0 - Los Angeles 4
Tuesday, September 22nd , 2026 - OOTP Baseball 27.4 Build 76